cohdb
Replays
Latest Replays
All Replays
Popular Replays
Top Player Replays
Match Explorer
How It Works
Community
CoH3 Stats
Reddit
Sign in to upload your games and track your stats! →
Sign in with Steam
Match 28161745
Unlisted
Match 28161745
Overview
Messages
Build Orders
End
Construct Infanterie Kompanie
Grenadier Squad
Grenadier Squad
Selects Breakthrough Battlegroup
Selects Assault Grenadiers
Grenadier Squad
Construct Panzergrenadier Kompanie
Panzergrenadier Squad
Selects 2.5-tonne Cargo Truck
2.5-tonne Cargo Truck
Selects Breakthrough
Breakthrough
Construct Panzer Kompanie
Selects Incendiary Bombing Run
Incendiary Bombing Run
MG 42 Machine Gun Team
Sturmpanzer IV Brummbär
Incendiary Bombing Run
Pioneer Squad
Panzer Officer Quarters
Selects Blitzkrieg
Stoßtruppen Squad
Incendiary Bombing Run
Stoßtruppen Squad
Incendiary Bombing Run
2.5-tonne Cargo Truck
MG 42 Bunker
K90
pagep
Srbija
(QT) THE'OO
Crashing this Game
小小黑
HUMAN
andresxs3
0
0
Comments
sign in to comment!
No comments posted yet!